 Dungeon Crawl Stone Soup version 0.25-a0-403-g49d089a364 (webtiles) character file.

Game seed: 8344248443066425186, levelgen mode: deterministic

159546 DerDa the Warrior (level 17, -3/166 HPs)
             Began as a Minotaur Berserker on Jan 9, 2020.
             Was a High Priest of Trog.
             Slain by Arachne
             ... wielding an uncursed staff of poison
              (13 damage)
             ... on level 4 of the Spider Nest.
             The game lasted 01:44:00 (27578 turns).

DerDa the Warrior (Minotaur Berserker)             Turns: 27578, Time: 01:44:01

Health: -3/166     AC: 20    Str: 28 (31) XL:     17   Next: 16%
Magic:  0/22       EV:  9    Int:  4 (8)  God:    Trog [*****.]
Gold:   1508       SH:  0    Dex: 11      Spells: 16/16 levels left

rFire    + + +     SeeInvis .   r - +8 demon blade (drain)
rCold    + + +     Gourm    .   o - +5 shield "Tujenora" {-Tele +Inv rCorr Str+3}
rNeg     + + +     Faith    .   e - +11 scale mail "Fys Rukuogg" {rN++ Int+4}
rPois    +         Spirit   .   s - -2 hat of Action {rF++ MR+ Regen+ Stlth-}
rElec    .         Reflect  .   Z - scarf {rC+ rF+}
rCorr    +         Harm     .   (no gloves)
MR       ++++.     NoTele   +   d - +0 pair of boots "Wecuararph" {+Inv rC+ Stlth+}
Stlth    ..........             j - amulet of regeneration
HPRegen  2.17/turn              B - ring of poison resistance
MPRegen  0.18/turn              O - ring of Lacaemm {rF+ rC+ rN+}

@: lethally poisoned (-3 -> -4), berserk cooldown, held, starving, regenerating
(expiring), slowed, very slow
A: retaliatory headbutt, horns 2, deterioration 1
a: Berserk, Trog's Hand, Brothers in Arms, Renounce Religion, Evoke Invisibility


You were on level 4 of the Spider Nest.
You worshipped Trog.
Trog was extremely pleased with you.
You were starving.

You visited 5 branches of the dungeon, and saw 28 of its levels.
You also visited: Ossuary, Gauntlet, Ice Cave and Volcano.

You collected 2700 gold pieces.
You spent 1192 gold pieces at shops.

Inventory:

Hand Weapons
 r - a +8 demon blade of draining (weapon)
 z - a +3 antimagic long sword
 L - a +3 scimitar of flaming
 W - a +3 double sword of flaming
Missiles
 h - 132 poisoned darts (quivered)
 G - 168 bolts
Armour
 d - the +0 pair of boots "Wecuararph" (worn) {+Inv rC+ Stlth+}
   (You found it in a Gauntlet)

   It protects you from cold.
   It lets you turn invisible.
   It makes you more stealthy.
 e - the +11 scale mail "Fys Rukuogg" (worn) {rN++ Int+4}
   (You found it on level 3 of the Spider Nest)

   It affects your intelligence (+4).
   It greatly protects you from negative energy.
 o - the +5 shield "Tujenora" (worn) {-Tele +Inv rCorr Str+3}
   (You took it off a human on level 14 of the Dungeon)

   It affects your strength (+3).
   It lets you turn invisible.
   It prevents most forms of teleportation.
   It provides partial protection from all sources of acid and corrosion.
 s - the -2 hat of Action (worn) {rF++ MR+ Regen+ Stlth-}
   (You found it on level 3 of the Spider Nest)

   It greatly protects you from fire.
   It affects your resistance to hostile enchantments.
   It increases your rate of regeneration.
   It makes you less stealthy.
 S - +0 fire dragon scales
 Z - a scarf of resistance (worn)
Jewellery
 j - an amulet of regeneration (around neck)
 q - the ring "Ponn" {+Inv rPois rF- rN++ Int-3 SInv}
   (You found it on level 2 of the Lair of Beasts)

   [ring of intelligence]

   It affects your intelligence (-3).
   It makes you vulnerable to fire.
   It protects you from poison.
   It greatly protects you from negative energy.
   It lets you see invisible.
   It lets you turn invisible.
 x - an uncursed ring of protection from fire
 B - a ring of poison resistance (left hand)
 O - the ring of Lacaemm (right hand) {rF+ rC+ rN+}
   (You acquired it on level 3 of the Spider Nest)

   [ring of positive energy]

   It protects you from fire.
   It protects you from cold.
   It protects you from negative energy.
Wands
 k - a wand of polymorph (30)
 y - a wand of flame (30)
 D - a wand of digging (2)
 F - a wand of acid (40)
 M - a wand of disintegration (35)
 Q - a wand of enslavement (6)
 U - a wand of paralysis (8)
 V - a wand of iceblast (25)
Scrolls
 a - a scroll of summoning
 b - 3 scrolls of fog
 f - 13 scrolls of remove curse
 p - 2 scrolls of magic mapping
 t - 2 scrolls of silence
 w - a scroll of teleportation
 C - a scroll of holy word
 H - 5 scrolls of blinking
 X - 2 scrolls of fear
Potions
 g - 4 potions of might
 i - 2 potions of haste
 l - 10 potions of curing
 m - 2 potions of cancellation
 v - 4 potions of heal wounds
 E - 2 potions of flight
 I - 2 potions of mutation
 J - 5 potions of degeneration {unknown}
 K - 3 potions of agility {unknown}
 N - 2 potions of invisibility
 P - a potion of ambrosia
 R - 4 potions of berserk rage {unknown}
 Y - 2 potions of resistance {unknown}
Miscellaneous
 n - a lamp of fire (inert)
 A - a phial of floods
 T - a phantom mirror
Comestibles
 c - 53 rations
 u - 13 chunks of flesh


   Skills:
 * Level 18.8 Fighting
 + Level 13.9 Long Blades
 + Level 13.9 Armour
 * Level 17.4 Dodging
 + Level 11.5 Shields
 + Level 9.0 Evocations


You had 16 spell levels left.
You didn't know any spells.
Your spell library was empty.

Dungeon Overview and Level Annotations

Branches:
Dungeon (15/15)            Temple (1/1) D:6            Lair (6/6) D:11
 Shoals (0/4) Lair:3       Spider (4/4) Lair:4        Slime (0/5) Lair:5
    Orc (2/2) D:9             Elf (0/3) Orc:2        Vaults (0/5) D:14
 Depths (0/5) D:15        Ossuary (visited)           IceCv (visited)
Volcano (visited)         Gauntlet (visited)

Altars:
Ashenzari
Cheibriados
Dithmenos
Elyvilon
Fedhas
Gozag
Hepliaklqana
Kikubaaqudgha
Makhleb
Nemelex Xobeh
Okawaru
Qazlal
Ru
Sif Muna
Trog
Uskayaw
Vehumet
Wu Jian
Xom
Yredelemnul
Zin
The Shining One
Jiyva

Shops:
D:5 :   D:9 [   Orc:2 (?::

Annotations:
D:14 1 transporter
Spider:4 exclusion: 3 doors, Arachne


Innate Abilities, Weirdness & Mutations

You reflexively headbutt those who attack you in melee.
You have a pair of horns on your head.
Your body sometimes deteriorates upon taking damage.


Message History

* * * LOW HITPOINT WARNING * * *
You feel dopey. Something hits you but does no damage. Something stings you.
* * * LOW HITPOINT WARNING * * *
You feel much better.
You feel the effects of Trog's Hand fading.
You feel very sick. Arachne hits you but does no damage.
The orb spider is engulfed in blazing flames.
You feel you are being watched by something.
You feel your power leaking away. Something hits you!
* * * LOW HITPOINT WARNING * * *
You feel weakened. Something hits you!
* * * LOW HITPOINT WARNING * * *
You feel dopey.
Something stings you but does no damage.
Arachne hits you with an uncursed staff of poison!
You die...

.....^..ss.^s....# #....##
........s.ss^....# ##.....###
.#.^..(.#######○.#####......#.#
##..(%.# #s..^.......#.[..
#.((..!^ #§###......^#.^#.
...s.##^. #s##.......^##### ..s##
##^# ##☼##^....#.....# ..# ##
##{†#..<...#.....## ..
##.@.#^.....^......^
##..H^#.........†....
###............#.......
##.#......##..).#......#
#########^.#....(.^##...#.......
##.......[.#####...####^##.......
..........##<.........###..^.##..
^........##.....####..........##.
^......###.......# #.†....^..##..


You could see Arachne and 2 orb spiders.

Vanquished Creatures
  3 ghost moths
  5 emperor scorpions
  2 very ugly things (IceCv)
  4 entropy weavers
  A stone giant (Volcano)
  3 spark wasps
  A dire elephant (Lair:6)
  A minotaur (Gauntlet)
  2 ettins
  Josephine (Lair:5)
  4 hydras
  A vault guard (D:14)
  2 catoblepae
  3 centaur warriors (D:15)
  A deep troll shaman (Lair:6)
  A death scarab (Gauntlet)
  8 two-headed ogres
  11 death yaks
  5 orc high priests (Orc:2)
  Sonja (Orc:1)
  Nergalle (D:12)
  3 unseen horrors
  A glowing orange brain (Gauntlet)
  Pikel (D:8)
  16 orb spiders
  A lindwurm (Orc:2)
  5 orc knights (Orc:2)
  20 ugly things
  17 wolf spiders
  A manticore (D:15)
  3 orc sorcerers
  2 moths of wrath
  A deep elf mage (D:13)
  5 cyclopes
  10 elephants
  A shining eye (shapeshifter) (D:14)
  Maurice (Orc:2)
  Joseph (D:7)
  3 black mambas
  5 ice statues (IceCv)
  7 torpor snails
  10 spiny frogs
  7 gargoyles
  2 efreet
  2 komodo dragons
  A minotaur zombie (Gauntlet)
  A rime drake (Lair:5)
  12 demonic crawlers
  3 anaconda simulacra (IceCv)
  A yaktaur (shapeshifter) (D:15)
  A queen bee (shapeshifter) (D:15)
  2 tengu conjurers
  12 trolls
  3 meliai (D:15)
  4 polar bears
  Prince Ribbit (D:7)
  25 jumping spiders
  16 blink frogs
  Grinder (D:3)
  14 hornets
  A meliai zombie (D:15)
  9 hippogriffs
  5 slime creatures (D:12)
  A spectral black mamba (Gauntlet)
  A dire elephant simulacrum (IceCv)
  2 wyverns
  76 redbacks
  A vampire (D:11)
  2 shadows
  30 tarantellas
  11 humans
  17 yaks
  4 wraiths
  4 hogs (D:12)
  A basilisk (Lair:4)
  6 hungry ghosts
  Grum (D:8)
  3 vampire mosquitoes (D:15)
  2 wargs (D:11)
  2 acid dragons
  3 harpy simulacra (IceCv)
  14 water moccasins
  2 hydra simulacra (IceCv)
  2 porcupines
  34 orc warriors
  4 sky beasts
  5 phantoms
  A black bear (D:10)
  10 ice beasts
  10 ogres
  An eye of draining (D:15)
  A tengu (shapeshifter) (D:15)
  11 wolves
  27 centaurs
  7 crocodiles
  2 big kobolds
  15 bullfrogs
  3 earth elementals (Volcano)
  2 gnoll sergeants (D:9)
  A troll zombie (D:9)
  A wyvern skeleton (D:13)
  4 scorpions
  4 killer bees (D:10)
  5 wights (D:9)
  5 electric eels
  9 howler monkeys
  8 crimson imps
  A bullfrog zombie (D:11)
  21 hounds
  6 jellies
  2 centaur zombies
  4 bullfrog skeletons
  38 orc priests
  25 orc wizards
  2 gnoll shamans (D:9)
  6 centaur skeletons
  Terence (D:3)
  10 worker ants
  4 iguanas
  5 ogre zombies (D:9)
  4 big kobold zombies (Ossuary)
  A hound zombie (D:10)
  A hound skeleton (D:9)
  A mummy (Ossuary)
  A howler monkey zombie (D:7)
  2 worker ant zombies
  21 gnolls (D:9)
  14 adders
  A shadow imp (D:14)
  6 oozes
  An adder skeleton (D:6)
  5 worms
  A dart slug (D:3)
  5 leopard geckos
  76 orcs
  6 spectral bats (Ossuary)
  12 bats
  6 giant cockroaches
  8 gnoll zombies (Ossuary)
  11 goblins
  6 hobgoblins
  20 jackals
  A quokka (D:3)
  2 ball pythons
  4 bat simulacra (Ossuary)
  7 frilled lizards
  4 goblin simulacra (Ossuary)
  2 goblin skeletons (D:9)
  11 goblin zombies
  A hobgoblin skeleton (D:9)
  4 hobgoblin zombies
  14 kobolds
  2 kobold simulacra (Ossuary)
  5 kobold zombies (Ossuary)
  A leopard gecko skeleton (D:7)
  3 orc skeletons (D:9)
  11 orc zombies
  7 rats
  5 rat simulacra (Ossuary)
  A spectral goblin (Ossuary)
  3 spectral kobolds (Ossuary)
  6 spectral rats (Ossuary)
  A butterfly (Lair:4)
  A plant (Lair:5)
1083 creatures vanquished.

Vanquished Creatures (others)
  A wolf spider (Spider:4)
  A tarantella (Spider:4)
  A human (D:14)
  2 orcs (D:8)
  4 fungi
  3 plants
12 creatures vanquished.

Grand Total: 1095 creatures vanquished

Notes
Turn   | Place    | Note
-------+----------+-------------------------------------------
     0 | D:1      | DerDa the Minotaur Berserker began the quest for the Orb.
     0 | D:1      | Reached XP level 1. HP: 19/19 MP: 0/0
    47 | D:1      | Reached XP level 2. HP: 24/27 MP: 1/1
    78 | D:1      | Reached skill level 4 in Fighting
   436 | D:1      | Reached XP level 3. HP: 32/33 MP: 2/2
   501 | D:1      | Reached ** piety under Trog
  1262 | D:2      | Reached XP level 4. HP: 40/41 MP: 3/3
  1671 | D:3      | Noticed Grinder
  1690 | D:3      | HP: 1/41 [Grinder (6)]
  1691 | D:3      | Paralysed by Grinder for 2 turns
  1694 | D:3      | Killed Grinder
  1694 | D:3      | Reached skill level 5 in Fighting
  1694 | D:3      | Reached XP level 5. HP: 31/48 MP: 4/4
  1694 | D:3      | Reached XP level 6. HP: 36/56 MP: 5/5
  1905 | D:3      | Reached *** piety under Trog
  1978 | D:3      | Noticed Terence
  1983 | D:3      | Killed Terence
  2314 | D:4      | Reached skill level 6 in Fighting
  2314 | D:4      | Reached skill level 5 in Long Blades
  2347 | D:4      | Reached skill level 5 in Dodging
  2358 | D:4      | Reached XP level 7. HP: 34/63 MP: 6/6
  2706 | D:4      | Found a burning altar of Makhleb.
  2707 | D:4      | Noticed a wraith
  2726 | D:4      | Found a transporter.
  2743 | D:4      | Found a transporter.
  2751 | D:4      | Killed a wraith
  2938 | D:5      | Entered Level 5 of the Dungeon
  2995 | D:5      | Reached skill level 7 in Fighting
  3003 | D:5      | Reached **** piety under Trog
  3003 | D:5      | Reached skill level 5 in Armour
  3108 | D:5      | Found Ysuh's Book Emporium.
  3116 | D:5      | Reached XP level 8. HP: 37/73 MP: 7/7
  3171 | D:5      | Found a hazy altar of Hepliaklqana.
  3434 | D:6      | Reached skill level 8 in Fighting
  3511 | D:6      | Found a sand-covered staircase.
  3517 | Ossuary  | Entered an ossuary
  3712 | Ossuary  | Reached ***** piety under Trog
  3712 | Ossuary  | Received a gift from Trog
  3722 | Ossuary  | Got a crude triple sword {god gift}
  3722 | Ossuary  | Identified the +3 triple sword "Kyrile" {slice, Dex+2
                  | Stlth+} (Trog gifted it to you in an ossuary)
  4215 | D:6      | Found a glowing silver altar of Zin.
  4215 | D:6      | Found a white marble altar of Elyvilon.
  4215 | D:6      | Found a glowing golden altar of the Shining One.
  4353 | D:6      | Received a gift from Trog
  4475 | D:6      | Reached XP level 9. HP: 78/82 MP: 8/8
  4615 | D:6      | Found a staircase to the Ecumenical Temple.
  4633 | Temple   | Entered the Ecumenical Temple
  4734 | D:6      | Reached skill level 9 in Fighting
  5027 | D:7      | Noticed Prince Ribbit
  5034 | D:7      | Killed Prince Ribbit
  5072 | D:7      | Found an opulent altar of Gozag.
  5128 | D:7      | Noticed Joseph
  5136 | D:7      | Killed Joseph
  5136 | D:7      | Reached skill level 10 in Fighting
  5571 | D:7      | Found a radiant altar of Vehumet.
  5760 | D:8      | Received a gift from Trog
  5805 | D:8      | Noticed Pikel
  5814 | D:8      | Killed Pikel
  5814 | D:8      | Reached XP level 10. HP: 46/94 MP: 9/9
  5939 | D:8      | Noticed Grum
  5948 | D:8      | Killed Grum
  5986 | D:8      | Reached skill level 11 in Fighting
  6017 | D:8      | Reached skill level 10 in Dodging
  6382 | D:8      | Found a sacrificial altar of Ru.
  6383 | D:8      | Found a stormy altar of Qazlal.
  6384 | D:8      | Found a blossoming altar of Fedhas.
  6411 | D:8      | Found a shadowy altar of Dithmenos.
  6686 | D:9      | Found a sacrificial altar of Ru.
  6772 | D:9      | Found a staircase to the Orcish Mines.
  7101 | D:9      | Received a gift from Trog
  7129 | D:9      | Found Peweical's Armour Shoppe.
  7375 | D:9      | Reached skill level 12 in Fighting
  7386 | D:9      | Reached XP level 11. HP: 94/104 MP: 10/10
  7404 | D:9      | Reached skill level 1 in Shields
  7446 | D:9      | Reached skill level 1 in Evocations
  7497 | D:10     | Entered Level 10 of the Dungeon
  7710 | D:10     | Got a distressingly furry ring mail
  7720 | D:10     | Identified the +1 ring mail "Veanaudo" {Dex+4} (You found
                  | it on level 10 of the Dungeon)
  7854 | D:10     | Received a gift from Trog
  8122 | D:11     | Found a staircase to the Lair.
  8316 | D:11     | Noticed a cyan ugly thing
  8318 | D:11     | Noticed a white ugly thing
  8330 | D:11     | Killed a white ugly thing
  8334 | D:11     | HP: 6/157 [white ugly thing (32)]
  8747 | D:11     | Killed a white ugly thing
  9076 | D:12     | Noticed a two-headed ogre
  9081 | D:12     | Killed a two-headed ogre
  9108 | D:12     | Noticed Nergalle
  9108 | D:12     | Noticed a white ugly thing
  9459 | D:12     | Reached skill level 13 in Fighting
  9467 | D:12     | Killed Nergalle
  9495 | D:12     | Killed an unseen horror
  9726 | D:12     | Killed a white ugly thing
  9726 | D:12     | Reached XP level 12. HP: 71/115 MP: 13/13
  9809 | D:12     | Received a gift from Trog
 10071 | D:12     | Reached skill level 10 in Long Blades
 10204 | D:12     | Noticed a two-headed ogre
 10213 | D:12     | Killed a two-headed ogre
 10554 | Lair:1   | Entered Level 1 of the Lair of Beasts
 10766 | Lair:1   | Reached skill level 10 in Armour
 10866 | Lair:1   | Reached skill level 5 in Shields
 11896 | Lair:2   | Noticed a catoblepas
 11907 | Lair:2   | Killed a catoblepas
 11907 | Lair:2   | Received a gift from Trog
 11907 | Lair:2   | Reached skill level 14 in Fighting
 12197 | Lair:2   | Got a flickering steel ring
 12624 | Lair:3   | Found a staircase to the Shoals.
 12642 | Lair:3   | Identified the cursed ring "Ponn" {+Inv rPois rF- rN++
                  | Int-3 SInv} (You found it on level 2 of the Lair of Beasts)
 13225 | Lair:4   | Reached XP level 13. HP: 118/125 MP: 15/15
 13351 | Lair:4   | Found a hole to the Spider Nest.
 14077 | Lair:5   | Noticed Josephine
 14086 | Lair:5   | Killed Josephine
 14086 | Lair:5   | Reached skill level 5 in Evocations
 14743 | Lair:5   | Found a runed translucent door.
 14743 | Lair:5   | Found a viscous altar of Jiyva.
 14747 | Lair:5   | Found a staircase to the Slime Pits.
 14916 | Lair:5   | Reached skill level 15 in Fighting
 15261 | Lair:6   | Entered Level 6 of the Lair of Beasts
 15725 | Lair:6   | Reached XP level 14. HP: 44/135 MP: 17/17
 16445 | Lair:6   | Found a snail-covered altar of Cheibriados.
 16715 | Lair:6   | Got an iridescent broad axe
 17291 | D:13     | Received a gift from Trog
 17295 | D:13     | Identified the +7 broad axe of Uncomfortable Rashes {drain,
                  | *Contam MP+9 Dex+7} (You found it on level 6 of the Lair of
                  | Beasts)
 17353 | D:13     | Gained mutation: Your body sometimes deteriorates upon
                  | taking damage. [mutagenic glow]
 18256 | D:14     | Reached skill level 16 in Fighting
 18388 | D:14     | Found a radiant altar of Vehumet.
 18392 | D:14     | Found a transporter.
 18392 | D:14     | Identified the ring "Ceoggeco" {Ice rN+ MR- Str+4}
 18404 | D:14     | Identified the +5 shield "Tujenora" {-Tele +Inv rCorr
                  | Str+3}
 18471 | D:14     | Found a gate to the Vaults.
 18498 | D:14     | Received a gift from Trog
 18613 | D:15     | Entered Level 15 of the Dungeon
 18675 | D:15     | Reached skill level 15 in Dodging
 18703 | D:15     | Found a gate leading to a gauntlet.
 18754 | Gauntlet | Entered a Gauntlet
 18754 | Gauntlet | Found a transporter.
 18754 | Gauntlet | Found a transporter.
 18760 | Gauntlet | Found a transporter.
 18775 | Gauntlet | Found a transporter.
 18791 | Gauntlet | Found a transporter.
 18804 | Gauntlet | Found a transporter.
 18886 | Gauntlet | Found a transporter.
 18901 | Gauntlet | Found a transporter.
 18916 | Gauntlet | Found a transporter.
 18929 | Gauntlet | Found a transporter.
 18945 | Gauntlet | Found a transporter.
 19012 | Gauntlet | Found a transporter.
 19016 | Gauntlet | Found a transporter.
 19026 | Gauntlet | Found a transporter.
 19032 | Gauntlet | Found a transporter.
 19035 | Gauntlet | Found a transporter.
 19096 | Gauntlet | Got a pair of warped boots
 19106 | Gauntlet | Identified the +0 pair of boots "Wecuararph" {+Inv rC+
                  | Stlth+} (You found it in a Gauntlet)
 19391 | D:15     | Received a gift from Trog
 19418 | D:15     | Reached XP level 15. HP: 103/145 MP: 19/19
 19541 | D:15     | Found a staircase to the Depths.
 20396 | Orc:1    | Entered Level 1 of the Orcish Mines
 20694 | Orc:2    | Entered Level 2 of the Orcish Mines
 20755 | Orc:2    | Found a staircase to the Elven Halls.
 20800 | Orc:2    | Paralysed by an orc sorcerer for 2 turns
 20823 | Orc:2    | Found a dark tunnel.
 20832 | Volcano  | Entered a volcano
 21107 | Orc:2    | Reached skill level 17 in Fighting
 21405 | Orc:2    | Noticed Maurice
 21426 | Orc:2    | Killed Maurice
 21481 | Orc:1    | Noticed Sonja
 21499 | Orc:1    | Killed Sonja
 21774 | Orc:1    | Paralysed by an orc sorcerer for 4 turns
 22177 | Orc:2    | Received a gift from Trog
 22519 | Orc:2    | Reached skill level 10 in Shields
 22608 | Orc:2    | Found Noopuplo's Book Emporium.
 22611 | Orc:2    | Found Reradgh's Weapon Emporium.
 22612 | Orc:2    | Found Byxau's Book Emporium.
 22613 | Orc:2    | Found Kamimir's Magic Scroll Shoppe.
 22619 | Orc:2    | Bought a scroll of fear for 52 gold pieces
 22619 | Orc:2    | Bought a scroll of brand weapon for 300 gold pieces
 22619 | Orc:2    | Bought a scroll of identify for 30 gold pieces
 22619 | Orc:2    | Bought a scroll of identify for 30 gold pieces
 22619 | Orc:2    | Bought a scroll of acquirement for 780 gold pieces
 22899 | Spider:1 | Entered Level 1 of the Spider Nest
 23511 | Spider:1 | Received a gift from Trog
 23770 | Spider:1 | Killed a ghost moth
 23946 | Spider:2 | Reached XP level 16. HP: 135/157 MP: 20/20
 24849 | Spider:3 | Found a frozen archway.
 24863 | IceCv    | Entered an ice cave
 25257 | IceCv    | Received a gift from Trog
 25348 | Spider:3 | Identified the ring of Lacaemm {rF+ rC+ rN+} (You acquired
                  | it on level 3 of the Spider Nest)
 25410 | Spider:3 | Reached skill level 18 in Fighting
 25924 | Spider:3 | Got a fine scale mail
 25934 | Spider:3 | Identified the +11 scale mail "Fys Rukuogg" {rN++ Int+4}
                  | (You found it on level 3 of the Spider Nest)
 26507 | Spider:3 | Got an ancient hat
 26517 | Spider:3 | Identified the -2 hat of Action {rF++ MR+ Regen+ Stlth-}
                  | (You found it on level 3 of the Spider Nest)
 26546 | Spider:4 | Entered Level 4 of the Spider Nest
 26696 | Spider:3 | Received a gift from Trog
 27405 | Spider:4 | Reached XP level 17. HP: 102/166 MP: 22/22
 27488 | Spider:4 | Received a gift from Trog
 27534 | Spider:4 | Noticed Arachne
 27577 | Spider:4 | HP: 8/166 [something (7)]
 27578 | Spider:4 | Slain by Arachne

Levels and vault maps discovered:
D:1:      erik_arrival_gehennom, layout_rooms, wad_floor_pattern_2
D:2:      layout_loops_corners
D:3:      layout_loops_ring, first_ration, uniq_grinder, uniq_terence
D:4:      layout_cave_pools, gammafunk_temple_overflow_arena
D:5:      layout_cave_pools, basic_altar, serial_shops, nicolae_shop_crystal
D:6:      layout_basic, good_gods_mini_temple, minmay_temple_entry_nine_rooms,
          nicolae_ossuary_entry_plus, chequers_garden
D:7:      layout_gridville, nicolae_gozag_seed_capital, basic_altar,
          minmay_puff, uniq_prince_ribbit1, uniq_joseph
D:8:      layout_rooms, old_standard_altar, gammafunk_temple_overflow_forgotten,
          uniq_pikel, uniq_grum
D:9:      layout_cross, zombieorc1_lemuel, basic_altar, serial_gnoll_camp,
          gnoll_camp_medium_01, gnoll_camp_mini_shop, gnoll_camp_mini_doghouse,
          gnoll_camp_mini_loothouse, gnoll_camp_mini_doghouse,
          gnoll_camp_medium_02
D:10:     layout_rooms
D:11:     layout_basic, erik_lair_orcish_takeover
D:12:     layout_cave_pools, grunt_livestock, uniq_nergalle
D:13:     layout_roguey
D:14:     gammafunk_sealed_library, layout_rooms, ximxim_vaults_locker_room,
          chequers_serial_rivers_micro_e
D:15:     hangedman_depths_entry_civil_slaughter, layout_cave_pools,
          gauntlet_entry_generic, nicolae_two_hexagons
Temple:   dshaligram_water_room_temple
Lair:1:   layout_small_grid, nicolae_quartered_pool_medium
Lair:2:   layout_regular_city, lemuel_fruit_fields
Lair:3:   layout_regular_city, elwin_shoals_entry_rocks
Lair:4:   layout_regular_city, spider_nest_entry_a, disabler_island,
          lemuel_fruit_fields
Lair:5:   layout_cave_pods, slime_altar_2, uniq_josephine
Lair:6:   grunt_lair_end_beastmaster, layout_long_grid, kennysheep_snail_temple
Spider:1: layout_spider_delve
Spider:2: layout_spider_delve
Spider:3: layout_spider_delve, portal_ice_cave_entry_pillars_1, hive_lemuel
Spider:4: johnstein_spider_rune_arachne_lair
Orc:1:    layout_diamond_mine, guppyfry_library_mini, uniq_sonja
Orc:2:    st_orc_pillars, layout_caves, nicolae_volcano_entry_vermiform,
          uniq_maurice

Skill      XL: |  1  2  3  4  5  6  7  8  9 10 11 12 13 14 15 16 17 |
---------------+----------------------------------------------------+-----
Fighting       | 4 5 6 7 8 10 12 13 14 15 16 17 18 | 18.8
Long Blades    | 4 5 6 7 8 9 10 11 12 13 | 13.9
Dodging        | 3 4 5 6 7 9 10 12 13 14 15 16 17 | 17.4
Armour         | 3 4 5 6 7 8 9 10 11 12 13 | 13.9
Shields        | 4 6 7 9 10 11 | 11.5
Evocations     | 3 4 5 6 7 8 9 |  9.0

Action                   |  1- 3 |  4- 6 |  7- 9 | 10-12 | 13-15 | 16-18 || total
-------------------------+-------+-------+-------+-------+-------+-------++-------
Melee: Falchion          |    83 |   114 |   135 |   166 |       |       ||   498
       Headbutt          |    14 |    20 |    65 |   203 |   372 |   164 ||   838
       Triple sword      |       |       |   121 |   134 |       |       ||   255
       Long sword        |       |       |       |    14 |       |       ||    14
       Demon blade       |       |       |       |   282 |       |   508 ||   790
       Double sword      |       |       |       |    54 |   977 |   157 ||  1188
Throw: Dart              |       |       |       |       |     8 |     6 ||    14
Invok: Berserk           |       |     3 |     1 |     3 |     5 |     2 ||    14
       Trog's Hand       |       |       |       |     3 |     5 |     3 ||    11
Evoke: Wand              |       |       |       |       |     1 |     2 ||     3
       Lamp of fire      |       |       |       |       |       |     1 ||     1
  Use: Potion            |     2 |     1 |       |       |     2 |     6 ||    11
       Scroll            |     2 |     4 |       |     7 |    14 |     7 ||    34
 Stab: Sleeping          |     1 |       |     7 |     1 |     3 |     1 ||    13
       Petrified         |       |       |       |     3 |       |       ||     3
       Distracted        |       |       |       |       |       |     1 ||     1
  Eat: Chunk             |     1 |     6 |    13 |    27 |    32 |     6 ||    85
       Ration            |       |       |       |     2 |     3 |     2 ||     7
Armor: Animal skin       |    13 |       |       |       |       |       ||    13
       Leather armour    |     7 |    14 |       |       |       |       ||    21
       Chain mail        |       |    61 |     7 |       |       |       ||    68
       Ring mail         |       |       |    99 |   166 |   162 |    43 ||   470
       Plate armour      |       |       |       |    74 |       |       ||    74
       Scale mail        |       |       |       |       |       |   138 ||   138
Dodge: Dodged            |    56 |    88 |   246 |   411 |   583 |   338 ||  1722
Block: Shield            |       |       |       |   268 |   740 |   583 ||  1591
       Rpst.: Falchion   |    17 |    23 |    38 |     9 |       |       ||    87
       Triple sword      |       |       |    39 |    37 |       |       ||    76
       Long sword        |       |       |       |     5 |       |       ||     5
       Demon blade       |       |       |       |    32 |       |    29 ||    61
       Double sword      |       |       |       |    12 |   117 |    18 ||   147

Table legend:
 A = Non-vault XP
 B = Vault XP
 C = Vault XP percentage of total XP
 D = Non-vault monster count
 E = Vault monster count
 F = Vault count percentage of total count
                 A         B        C        D         E       F
            +---------+---------+-------+---------+---------+-------
      Total |  148764 |   79159 |  34.7 |     696 |     386 |  35.7
            +---------+---------+-------+---------+---------+-------
        D:1 |      41 |      18 |  30.5 |      20 |       5 |  20.0
        D:2 |      88 |       0 |   0.0 |      30 |       0 |   0.0
        D:3 |      87 |     294 |  77.2 |      21 |       2 |   8.7
        D:4 |     433 |     205 |  32.1 |      23 |       2 |   8.0
        D:5 |     383 |       0 |   0.0 |      10 |       0 |   0.0
        D:6 |    1284 |       0 |   0.0 |      27 |       0 |   0.0
        D:7 |     953 |     866 |  47.6 |      17 |       6 |  26.1
        D:8 |    1201 |    1171 |  49.4 |      19 |       5 |  20.8
        D:9 |    2566 |    1818 |  41.5 |      31 |      71 |  69.6
       D:10 |    2853 |       0 |   0.0 |      28 |       0 |   0.0
       D:11 |    3333 |     628 |  15.9 |      24 |       9 |  27.3
       D:12 |    6857 |    1787 |  20.7 |      30 |       6 |  16.7
       D:13 |    1763 |       0 |   0.0 |      20 |       0 |   0.0
       D:14 |   10079 |    2850 |  22.0 |      38 |      11 |  22.4
       D:15 |   16676 |    4317 |  20.6 |      48 |       6 |  11.1
     Lair:1 |    2186 |       0 |   0.0 |      14 |       0 |   0.0
     Lair:2 |    4196 |       0 |   0.0 |      15 |       0 |   0.0
     Lair:3 |    2421 |       0 |   0.0 |      11 |       0 |   0.0
     Lair:4 |    4815 |     796 |  14.2 |      17 |       5 |  22.7
     Lair:5 |   11374 |    1658 |  12.7 |      22 |       6 |  21.4
     Lair:6 |    4643 |   12272 |  72.6 |      14 |      21 |  60.0
   Spider:1 |   15274 |       0 |   0.0 |      31 |       0 |   0.0
   Spider:2 |    9358 |       0 |   0.0 |      27 |       0 |   0.0
   Spider:3 |   13662 |    3419 |  20.0 |      38 |      16 |  29.6
   Spider:4 |   22682 |   18000 |  44.2 |      60 |      42 |  41.2
      Orc:1 |    3682 |    1136 |  23.6 |      33 |       9 |  21.4
      Orc:2 |    5874 |   11388 |  66.0 |      28 |      60 |  68.2
    Ossuary |       0 |     197 | 100.0 |       0 |      62 | 100.0
      IceCv |       0 |    7724 | 100.0 |       0 |      22 | 100.0
    Volcano |       0 |    3182 | 100.0 |       0 |       8 | 100.0
   Gauntlet |       0 |    5433 | 100.0 |       0 |      12 | 100.0
            +---------+---------+-------+---------+---------+-------
